 Dungeon Crawl Stone Soup version 0.25.1-2-g60ff931df9 (webtiles) character file.

Game seed: 15360459267887095779

3539 hawla the Nimble (level 9, 0/79 HPs)
             Began as a Minotaur Fighter on Oct 22, 2020.
             Was an Initiate of Gozag.
             Slain by a death yak (14 damage)
             ... on level 8 of the Dungeon.
             The game lasted 00:21:46 (8238 turns).

hawla the Nimble (Minotaur Fighter)                 Turns: 8238, Time: 00:21:47

Health: 0/79       AC: 14    Str: 24    XL:     9   Next: 82%
Magic:  0/8        EV: 17    Int:  5    God:    Gozag
Gold:   304        SH:  0    Dex: 10    Spells: 8/8 levels left

rFire    . . .     SeeInvis .   H - +0 dagger (drain)
rCold    . . .     Gourm    .   (no shield)
rNeg     . . .     Faith    .   b - +0 scale mail
rPois    .         Spirit   +   (helmet restricted)
rElec    .         Reflect  .   l - scarf {repulsion}
rCorr    .         Harm     .   g - +2 pair of gloves
MR       +....                  m - +2 pair of boots
Stlth    +.........             o - amulet of guardian spirit
HPRegen  0.23/turn              y - ring of protection from magic
MPRegen  0.11/turn              A - +4 ring of evasion

@: gold aura, very slightly contaminated, hasted, repel missiles, very quick
A: retaliatory headbutt, horns 2
a: Potion Petition, Call Merchant, Bribe Branch, Renounce Religion


You were on level 8 of the Dungeon.
You worshipped Gozag.
Gozag was aware of your devotion.
You were not hungry.

You visited 2 branches of the dungeon, and saw 9 of its levels.
You also visited: Sewer.

You collected 387 gold pieces.
You paid 83 gold pieces to Gozag.

Inventory:

Hand Weapons
 h - a +0 dagger of holy wrath
 D - a +2 vorpal scimitar
 H - a +0 dagger of draining (weapon)
Missiles
 p - 4 boomerangs
 z - 16 poisoned darts (quivered)
Armour
 b - a +0 scale mail (worn)
 g - a +2 pair of gloves (worn)
 l - a scarf of repulsion (worn)
 m - a +2 pair of boots (worn)
 t - a +0 plate armour
 B - a +0 chain mail
Jewellery
 o - an amulet of guardian spirit (around neck)
 y - a ring of protection from magic (left hand)
 A - a +4 ring of evasion (right hand)
Wands
 a - a wand of paralysis (9)
 j - a wand of acid (7)
 s - a wand of clouds (5)
 w - a wand of flame (17)
 x - a wand of random effects (13)
Scrolls
 c - a scroll of fear
 i - a scroll of remove curse
 n - 3 scrolls of fog
 u - 2 scrolls of magic mapping
Potions
 d - 2 potions of might
 e - 10 potions of curing
 k - 2 potions of mutation
 r - 2 potions of haste
 v - 5 potions of heal wounds
 E - a potion of flight
 F - a potion of stabbing {unknown}
Comestibles
 f - 13 rations


   Skills:
 + Level 7.3 Fighting
 + Level 6.9(8.2) Short Blades
 + Level 7.2(8.7) Long Blades
 + Level 0.1 Throwing
 + Level 7.2 Armour
 * Level 8.1 Dodging
 - Level 3.0 Stealth
   Level 3.6 Shields


You had 8 spell levels left.
You didn't know any spells.
Your spell library was empty.

Dungeon Overview and Level Annotations

Branches:
Dungeon (8/15)             Temple (1/1) D:7            Lair (0/6) D:8
  Sewer (visited)

Altars:
Ashenzari
Dithmenos
Elyvilon
Fedhas
Gozag
Hepliaklqana
Kikubaaqudgha
Makhleb
Okawaru
Qazlal
Ru
Trog
Uskayaw
Wu Jian
Xom
Yredelemnul
The Shining One

Shops:
D:5 [

Annotations:
D:2 1 runed translucent door, Crazy Yiuf
D:7 2 transporters, Turner1's ghost, novice FoFi


Innate Abilities, Weirdness & Mutations

You reflexively headbutt those who attack you in melee.
You have a pair of horns on your head.


Message History

The death yak is lightly wounded.
The death yak gores you!!
* * * LOW HITPOINT WARNING * * *
You feel much better. The death yak gores you!
You feel yourself speed up. The death yak gores you.
You barely miss the death yak. Your headbutt misses the death yak.
The death yak is lightly wounded.
You barely miss the death yak.
The death yak is lightly wounded.
You hit the death yak but do no damage.
The death yak is lightly wounded.
The death yak gores you!
* * * LOW HITPOINT WARNING * * *
You barely miss the death yak.
The death yak is lightly wounded.
You hit the death yak.
The death yak is moderately wounded.
The death yak gores you!
You die...
Your body crumbles into a pile of gold.

### #.#.. #. ..# #.#.#
#.# #.# #.#.# #.# #.#
#?#.#.#.# #.#
#.#.#.#.# #.#
#.#.#.#.# #.######
#.#.#.#.###.##....
#@Y.............##
#.#(#.#.###.##..## #
#.#.#.#.###.##...# #.
#.................
........#.#.#......#.#
###.#####.#.#.#.####.#
# ...##.#.#.#.# #.#
###.##.#.#Y#.## #..
#......#.#.#..####.


You could see a death yak (poisoned).

Vanquished Creatures
  Pikel (D:7)
  Maggie (D:7)
  Eustachio (D:5)
  A water moccasin (D:6)
  2 orc warriors
  A porcupine (D:8)
  A sky beast (D:6)
  A slave (D:7)
  A black bear (D:6)
  An ogre (D:7)
  3 phantoms (D:7)
  A centaur (D:6)
  A crocodile (D:8)
  4 big kobolds
  3 bullfrogs
  A wyvern zombie (D:7)
  6 killer bees (D:7)
  3 howler monkeys
  2 bullfrog zombies
  2 hounds
  An orc priest (D:7)
  4 orc wizards
  Ijyb (D:5)
  2 iguanas
  7 worker ants
  A hound skeleton (D:4)
  2 worker ant zombies
  8 river rats
  5 adders
  2 shadow imps (D:7)
  4 oozes
  An adder skeleton (D:2)
  3 worms
  2 dart slugs
  4 leopard geckos
  13 orcs
  4 giant cockroaches
  5 hobgoblins
  7 jackals
  5 ball pythons
  6 bats
  8 frilled lizards
  11 goblins
  18 kobolds
  31 rats
  A fungus (D:2)
193 creatures vanquished.

Vanquished Creatures (others)
  2 slaves (D:7)
  A jackal (D:7)
  A kobold (D:7)
4 creatures vanquished.

Grand Total: 197 creatures vanquished

Notes
Turn   | Place    | Note
-------+----------+-------------------------------------------
     0 | D:1      | hawla the Minotaur Fighter began the quest for the Orb.
     0 | D:1      | Reached XP level 1. HP: 19/19 MP: 0/0
   188 | D:1      | Reached XP level 2. HP: 27/27 MP: 1/1
   408 | D:1      | Reached skill level 1 in Dodging
   911 | D:2      | Reached XP level 3. HP: 33/33 MP: 2/2
  1038 | D:2      | Reached skill level 1 in Stealth
  1252 | D:2      | Found a stormy altar of Qazlal.
  1795 | D:2      | Found a runed translucent door.
  1796 | D:2      | Noticed Crazy Yiuf
  2218 | D:3      | Reached XP level 4. HP: 40/40 MP: 3/3
  2945 | D:4      | Found a glowing golden altar of the Shining One.
  2955 | D:4      | Reached skill level 1 in Short Blades
  3084 | D:4      | Got a twisted leather armour
  3095 | D:4      | Identified the cursed +1 leather armour "Memuil" {Dex+4}
                  | (You found it on level 4 of the Dungeon)
  3156 | D:4      | Reached skill level 2 in Dodging
  3156 | D:4      | Reached XP level 5. HP: 38/47 MP: 2/4
  3700 | D:5      | Entered Level 5 of the Dungeon
  3709 | D:5      | Noticed Ijyb
  3710 | D:5      | Reached XP level 6. HP: 36/53 MP: 3/5
  3822 | D:5      | Killed Ijyb
  3934 | D:5      | Found a bloodstained altar of Trog.
  3961 | D:5      | Reached skill level 3 in Dodging
  3985 | D:5      | Noticed Eustachio
  4007 | D:5      | Killed Eustachio
  4157 | D:5      | Found Udiph's Armour Shop.
  4638 | D:6      | Noticed a sky beast
  4644 | D:6      | Killed a sky beast
  4644 | D:6      | Reached XP level 7. HP: 53/60 MP: 4/6
  4645 | D:6      | Reached skill level 5 in Long Blades
  4654 | D:6      | Reached skill level 5 in Armour
  4738 | D:6      | Reached skill level 4 in Dodging
  4825 | D:6      | Found a glowing drain.
  4834 | Sewer    | Entered a sewer
  4849 | Sewer    | Reached skill level 5 in Fighting
  5221 | Sewer    | Reached XP level 8. HP: 67/69 MP: 5/7
  5466 | D:6      | Reached skill level 5 in Dodging
  6275 | D:7      | Reached skill level 5 in Short Blades
  6283 | D:7      | Reached skill level 6 in Dodging
  6310 | D:7      | Noticed Maggie
  6328 | D:7      | Killed Maggie
  6342 | D:7      | Reached XP level 9. HP: 10/77 MP: 1/8
  6738 | D:7      | Found a transporter.
  6752 | D:7      | Noticed Pikel
  6759 | D:7      | Killed Pikel
  6759 | D:7      | Reached skill level 7 in Dodging
  6904 | D:7      | Found a staircase to the Ecumenical Temple.
  6916 | Temple   | Entered the Ecumenical Temple
  6924 | Temple   | Became a worshipper of Gozag Ym Sagoz the Greedy
  7409 | D:7      | Found an iron altar of Okawaru.
  7409 | D:7      | Found a shattered altar of Ashenzari.
  7410 | D:7      | Found a hazy altar of Hepliaklqana.
  7572 | D:7      | Found a transporter.
  7609 | D:7      | Noticed Turner1's ghost (novice FoFi)
  8005 | D:8      | Reached skill level 8 in Dodging
  8063 | D:8      | Found a white marble altar of Elyvilon.
  8157 | D:8      | Noticed a death yak
  8159 | D:8      | Found a staircase to the Lair.
  8159 | D:8      | Noticed a death yak
  8171 | D:8      | Noticed a death yak
  8238 | D:8      | Slain by a death yak

Illustrated notes

Levels and vault maps discovered:
D:1:      dpeg_arrival_long_road, layout_rooms
D:2:      layout_loops_corners, nicolae_qazlal_eye_of_the_storm, first_ration,
          uniq_crazy_yiuf_cottage
D:3:      layout_basic
D:4:      layout_basic, old_standard_altar
D:5:      layout_loops_ring, serial_shops, shop, bloody_trog, uniq_eustachio,
          uniq_ijyb
D:6:      layout_gridville, portal_sewer_entry_e
D:7:      layout_basic, chequers_temple_overflow_statue_of_worship,
          temple_fountains, gammafunk_ghost_mausoleum, uniq_maggie, uniq_pikel
D:8:      minmay_opposing_rooms, layout_basic, kennysheep_little_box,
          dpeg_lair_monsters, elyvilon_altar_5, uniq_erica
Temple:   eino_temple_lava

Skill      XL: |  1  2  3  4  5  6  7  8  9 |
---------------+----------------------------+-----
Armour         | 4 5 6 7 |  7.2
Dodging        | 1 2 3 4 6 8 |  8.1
Fighting       | 4 5 6 7 |  7.3
Stealth        | 1 2 3 |  3.0
Short Blades   | 1 2 3 6 |  6.9
Long Blades    | 3 4 5 7 |  7.2
Throwing       | |  0.1
Shields        | |  3.6

Action                   |  1- 3 |  4- 6 |  7- 9 || total
-------------------------+-------+-------+-------++-------
Melee: Long sword        |    23 |    94 |       ||   117
       Headbutt          |    22 |    23 |    74 ||   119
       Dagger            |    80 |       |   165 ||   245
       Rapier            |    14 |    36 |   157 ||   207
       Scimitar          |       |       |    36 ||    36
Throw: Dart              |       |       |    10 ||    10
  Use: Scroll            |    11 |     2 |     6 ||    19
       Potion            |       |       |     5 ||     5
 Stab: Sleeping          |       |     2 |     1 ||     3
       Distracted        |       |     1 |       ||     1
  Eat: Chunk             |     4 |     7 |     9 ||    20
       Ration            |       |       |     1 ||     1
Armor: Scale mail        |    46 |       |    36 ||    82
       Leather armour    |     4 |    46 |       ||    50
       Ring mail         |       |     1 |    73 ||    74
Dodge: Dodged            |    56 |    86 |   290 ||   432
       Repelled          |       |     2 |     5 ||     7
Block: Kite shield       |     1 |       |       ||     1
       Rpst.: Long sword |     7 |     9 |       ||    16
       Scimitar          |       |       |    15 ||    15
